 Dungeon Crawl Stone Soup version 0.16.2-12-gd0ad4c3 (webtiles) character file.

86 faibistes the Magician (level 4, -6/24 HPs)
             Began as a Deep Elf Wizard on Feb 24, 2019.
             Mangled by a worker ant (7 damage)
             ... on level 4 of the Dungeon.
             The game lasted 00:05:45 (2631 turns).

faibistes the Magician (Deep Elf Wizard)            Turns: 2631, Time: 00:05:46

Health: -6/24      AC:  4    Str:  4    XL:     4   Next: 26%
Magic:  2/17       EV: 19    Int: 24    God:
Gold:   72         SH:  0    Dex: 18    Spells: 6 memorised, 0 levels left

rFire  + . .     SeeInvis .     t - staff of conjuration
rCold  + . .     Clarity  .     a - +0 robe
rNeg   . . .     SustAb   .     (no shield)
rPois  +         Gourm    .     b - +0 hat
rElec  +         Spirit   .     (no cloak)
rCorr  +         Warding  .     i - +0 pair of gloves
rMut   .         Stasis   .     r - +0 pair of boots
MR     .....                    (no amulet)
Stlth  +++.......               (no ring)
                                (no ring)

@: agile, lethally poisoned (-6 -> -12), resistant, repel missiles, not
resistant to hostile enchantments, fairly stealthy
A: no striking features
a: no special abilities


You were on level 4 of the Dungeon.
You were not hungry.

You visited 1 branch of the dungeon, and saw 4 of its levels.

You collected 72 gold pieces.

Inventory:

Hand weapons
 f - a +0 club
 n - a +0 dagger
Armour
 a - a +0 robe (worn)
 b - a +0 hat (worn)
 i - a +0 pair of gloves (worn)
 r - a +0 pair of boots (worn)
Magical staves
 t - an uncursed staff of conjuration (weapon)
Scrolls
 e - 2 scrolls of identify {unknown}
 l - a scroll of fear {unknown}
 p - a scroll of amnesia {unknown}
 q - a scroll of immolation {unknown}
 v - a scroll of enchant armour {unknown}
Potions
 h - a potion of agility
 m - a potion of heal wounds {unknown}
 o - a potion of curing {unknown}
 s - a potion of poison {unknown}
 u - a potion of experience {unknown}
Books
 c - a book of Minor Magic

   Spells                             Type                      Level
   a - Magic Dart                     Conjuration                  1
   b - Blink                          Translocation                2
   c - Call Imp                       Summoning                    2
   d - Repel Missiles                 Charms/Air                   2
   e - Slow                           Hexes                        2
   f - Conjure Flame                  Conjuration/Fire             3
   g - Mephitic Cloud                 Conjuration/Poison/Air       3
Comestibles
 d - 2 bread rations
 g - a chunk of flesh
 j - 2 meat rations


   Skills:
 + Level 3.6 Dodging
 - Level 2.4 Stealth
 * Level 5.1 Spellcasting
 - Level 2.5 Conjurations
 - Level 1.1 Summonings
 * Level 2.1 Translocations


You couldn't memorise any spells.
You knew the following spells:

 Your Spells              Type           Power        Failure   Level  Hunger
a - Magic Dart            Conj           ####         3%          1    None
b - Conjure Flame         Conj/Fire      ###.....     17%         3    ##.....
c - Call Imp              Summ           ##......     12%         2    None
d - Blink                 Tloc           N/A          8%          2    None
e - Mephitic Cloud        Conj/Pois/Air  ###.....     21%         3    ##.....
f - Repel Missiles        Chrm/Air       #.....       14%         2    None


Dungeon Overview and Level Annotations

Branches:
Dungeon (4/15)
 Temple: D:4-7

Altars:


Message History

The orc hits your crimson imp with a dagger.
Things that are here:
a flail; a scale mail; a falchion
* * * LOW HITPOINT WARNING * * *
You feel sick.
Your crimson imp hits the orc but does no damage.
The orc hits your crimson imp but does no damage.
Your crimson imp blinks!
Drink which item? (? for menu, Esc to quit)
It was a potion of agility.
You feel agile all of a sudden.
* * * LOW HITPOINT WARNING * * *
You feel sick. The worker ant barely misses you.
Drink which item? (? for menu, Esc to quit)
It was a potion of resistance.
You feel protected. The worker ant bites you.
* * * LOW HITPOINT WARNING * * *
The worker ant bites you!
You die...

#....5..#
#.......#
#.......#
+...o(..#
#...)...#
#....5..#
+..)).5.#
#.....a.+
#.....@<#
#.......#
#########


You could see a worker ant, an orc and 3 friendly crimson imps.

Vanquished Creatures
  An orc wizard (D:3)
  A worm (D:2)
  A giant gecko (D:2)
  2 oozes
  2 orcs (D:4)
  2 giant cockroaches
  4 goblins
  11 hobgoblins
  A quokka (D:3)
  2 ball pythons (D:2)
  10 bats
  3 giant newts
  3 kobolds
  5 rats
48 creatures vanquished.

Notes
Turn   | Place    | Note
--------------------------------------------------------------
     0 | D:1      | faibistes, the Deep Elf Wizard, began the quest for the Orb.
     0 | D:1      | Reached XP level 1. HP: 10/10 MP: 6/6
   729 | D:1      | Reached XP level 2. HP: 15/15 MP: 6/9
   784 | D:1      | Learned a level 2 spell: Blink
   787 | D:1      | Learned a level 2 spell: Call Imp
  1650 | D:2      | Reached XP level 3. HP: 19/19 MP: 6/13
  1710 | D:2      | Learned a level 3 spell: Conjure Flame
  1714 | D:2      | Learned a level 3 spell: Mephitic Cloud
  2441 | D:3      | Reached skill level 5 in Spellcasting
  2441 | D:3      | Reached XP level 4. HP: 11/24 MP: 1/17
  2448 | D:3      | Learned a level 2 spell: Repel Missiles
  2631 | D:4      | HP: 1/24 [worker ant (5)]
  2631 | D:4      | Mangled by a worker ant

Action                   |  1- 3 |  4- 6 || total
-------------------------+-------+-------++-------
Melee: Staff             |       |     1 ||     1
 Cast: Magic Dart        |   105 |     2 ||   107
       Mephitic Cloud    |       |     3 ||     3
       Call Imp          |       |     3 ||     3
       Blink             |       |     1 ||     1
       Repel Missiles    |       |     1 ||     1
  Use: Potion            |       |     2 ||     2
  Eat: Chunk             |     4 |     1 ||     5
